 Dungeon Crawl Stone Soup version 0.30-a0-743-gbfdf073431 (webtiles) character file.

Game seed: 3841285250318872908

16 FlurksSlurper the Chucker (level 2, -1/15 HPs)
             Began as a Gargoyle Wanderer on Feb 7, 2023.
             Slain by a hobgoblin (4 damage)
             ... on level 1 of the Dungeon.
             The game lasted 00:00:57 (450 turns).

FlurksSlurper the Chucker (Gargoyle Wanderer)        Turns: 450, Time: 00:00:57

Health: -1/15      AC:  4    Str: 11    XL:     2   Next: 54%
Magic:  5/5        EV: 10    Int: 15    God:
Gold:   26         SH:  4    Dex: 10    Spells: 4/5 levels left

rFire   . . .      SeeInvis .    a - +2 dagger
rCold   . . .      Faith    .    c - +0 buckler
rNeg    + . .      Spirit   .    e - +0 robe
rPois   ∞          Reflect  .    (no helmet)
rElec   +          Harm     .    (no cloak)
rCorr   .          Rampage  .    (no gloves)
Will    .....                    (no boots)
Stlth   +                        (no amulet)
HPRegen 0.22/turn                (no ring)
MPRegen 0.09/turn                (no ring)

@: no status effects
A: sickness immunity, AC +2, negative energy resistance 1, electricity
resistance, torment resistance 1, petrification resistance
a: no special abilities


You were on level 1 of the Dungeon.
You visited 1 branch of the dungeon, and saw 1 of its levels.

You collected 26 gold pieces.

Inventory:

Hand Weapons
 a - a +2 dagger (weapon)
Missiles
 b - 3 curare-tipped darts (quivered)
 f - 4 poisoned darts
Armour
 c - a +0 buckler (worn)
 e - a +0 robe (worn)
Scrolls
 d - a scroll of teleportation
 g - a scroll of brand weapon {unknown}
Potions
 h - a potion of flight {unknown}


   Skills:
 + Level 3.1 Throwing
 + Level 1.2 Armour
 + Level 0.1 Dodging
 + Level 2.2 Shields
 + Level 2.0 Spellcasting
 + Level 1.2 Earth Magic
 + Level 1.3 Evocations


You had 4 spell levels left.
You knew the following spells:

 Your Spells              Type           Power      Damage    Failure   Level
a - Sandblast             Erth           10%        2d5       19%         1

Your spell library contained the following spells:

 Spells                   Type           Power      Damage    Failure   Level
 Stone Arrow              Conj/Erth      6%         3d7       56%         3


Dungeon Overview and Level Annotations

Branches:
Dungeon (1/15)

Altars:


Innate Abilities, Weirdness & Mutations

You are immune to sickness and miasma.
Your stone body is resilient. (AC +2)
You are immune to poison.
You resist negative energy. (rN+)
You are resistant to electric shocks. (rElec)
You are resistant to unholy torment.
You are immune to petrification.


Message History

You are frozen.
You hit the endoplasm.
You kill the endoplasm!
Found a mace.
Found a stone staircase leading down.
An endoplasm comes into view.
An endoplasm is nearby!
The endoplasm quivers.
You hit the endoplasm but do no damage.
The endoplasm hits you but does no damage.
You hit the endoplasm.
The endoplasm is heavily wounded.
The endoplasm barely misses you.
You hit the endoplasm.
You kill the endoplasm!
Found a silvery potion.
h - a silvery potion You open the door.
Found a pair of boots.
A rat and a hobgoblin come into view.
The hobgoblin shouts!
There is an open door here.
The rat barely misses you.
The hobgoblin hits you but does no damage.
The rat bites you but does no damage. The hobgoblin completely misses you.
The rat barely misses you. You block the hobgoblin's attack.
The hobgoblin hits you.
You closely miss the hobgoblin. The rat bites you. The hobgoblin hits you.
You closely miss the hobgoblin. The rat misses you. The hobgoblin hits you.
You hit the hobgoblin.
The hobgoblin is almost dead.
The rat bites you. The hobgoblin hits you.
* * * LOW HITPOINT WARNING * * *
You barely miss the hobgoblin.
The hobgoblin is almost dead.
The rat bites you but does no damage. The hobgoblin hits you.
* * * LOW HITPOINT WARNING * * *
You barely miss the hobgoblin.
The hobgoblin is almost dead.
The hobgoblin hits you.
You die...

############
#........... ##
#..r@....... #.#..#
######...g....... #.#..#
#....'...........
#.#..###.####...........
..........##############
.....#....#.. ..........
.....#.##.#.###.........
.....#.##...............
.......####.###.........


You could see a hobgoblin and a rat.

Vanquished Creatures
  A dart slug (D:1)
  A ball python (D:1)
  3 endoplasms (D:1)
  A giant cockroach (D:1)
  A hobgoblin (D:1)
  3 jackals (D:1)
  A rat (D:1)
11 creatures vanquished.

Notes
Turn   | Place    | Note
-------+----------+-------------------------------------------
     0 | D:1      | FlurksSlurper the Gargoyle Wanderer began the quest for the
                  | Orb.
     0 | D:1      | FlurksSlurper set off with the following items: a +2
                  | dagger, 3 curare-tipped darts, a +0 buckler, a scroll of
                  | teleportation, a +0 robe; and the following spell
                  | memorised: Sandblast; and the following spells available to
                  | memorise: Stone Arrow.
     0 | D:1      | Reached XP level 1. HP: 10/10 MP: 3/3
    88 | D:1      | Reached skill level 3 in Throwing
   302 | D:1      | Reached XP level 2. HP: 15/15 MP: 5/5
   450 | D:1      | Slain by a hobgoblin

Illustrated notes

Levels and vault maps discovered:
D:1:      dpeg_arrival_chambers_temple_mockup, layout_basic, minivault_27

Skill      XL: |  1 |
---------------+----+-----
Throwing       | 3 |  3.1
Armour         | |  1.2
Dodging        | |  0.1
Shields        | |  2.2
Spellcasting   | |  2.0
Earth Magic    | |  1.2
Evocations     | |  1.3

Action                     || total
---------------------------++-------
  Melee: Dagger            ||    49
 Armour: Robe              ||    18
  Dodge: Dodged            ||    24
  Block: Buckler           ||     9

Table legend: (Time is in decaauts)
 A = Elapsed time spent in this place.
 B = Non-inter-level travel time spent in this place.
 C = Inter-level travel time spent in this place.
 D = Time resting spent in this place.
 E = Time spent auto-exploring this place.
 F = Levels seen in this place.
 G = Mean time per level.
                   A        B        C        D        E       F      G
               +--------+--------+--------+--------+--------+-----+--------+
         Total |    451 |    451 |      0 |     11 |    321 |   1 |  451.0 |
       Dungeon |    451 |    451 |      0 |     11 |    321 |   1 |  451.0 |
               +--------+--------+--------+--------+--------+-----+--------+

Top non-repeatable levels by time:
     D:1: 451 daAuts
